 Dungeon Crawl Stone Soup version 0.29.1-2-gbd0b4ee654 (webtiles) character file.

Game seed: 10117197866121463613

552 xian the Shooter (level 7, -11/55 HPs)
             Began as a Demonspawn Hunter on Nov 22, 2022.
             Was an Initiate of Jiyva.
             Mangled by an ogre
             ... wielding a +0 giant club
              (29 damage)
             ... on level 4 of the Dungeon.
             The game lasted 00:10:12 (4016 turns).

xian the Shooter (Demonspawn Hunter)                Turns: 4016, Time: 00:10:13

Health: -11/55     AC: 14    Str: 14    XL:     7   Next: 8%
Magic:  7/7        EV:  6    Int: 10    God:    Jiyva [......]
Gold:   95         SH:  0    Dex: 16    Spells: 6/6 levels left

rFire   . . .      SeeInvis .   a - +0 shortbow (vorpal)
rCold   . . .      Faith    .   (shield currently unavailable)
rNeg    . . .      Spirit   .   m - +0 chain mail
rPois   .          Reflect  .   (no helmet)
rElec   .          Harm     .   h - scarf {repulsion}
rCorr   .          Rampage  .   r - +0 pair of gloves
Will    .....                   s - +0 pair of boots
Stlth   ..........              (no amulet)
HPRegen 0.18/turn               (no ring)
MPRegen 0.10/turn               (no ring)

@: repel missiles
A: rugged brown scales 3, powered by pain 2, demonic touch 1
a: Renounce Religion


You were on level 4 of the Dungeon.
You worshipped Jiyva.
Jiyva was noncommittal.
You visited 1 branch of the dungeon, and saw 5 of its levels.
You also visited: Sewer.

You collected 95 gold pieces.

Inventory:

Hand Weapons
 a - a +0 vorpal shortbow (weapon)
 i - a +1 dagger of speed
Armour
 h - a scarf of repulsion (worn)
 l - a +0 cloak
 m - a +0 chain mail (worn)
 r - a +0 pair of gloves (worn)
 s - a +0 pair of boots (worn)
Scrolls
 b - a scroll of immolation
 c - a scroll of brand weapon
 d - 2 scrolls of enchant armour
 j - 2 scrolls of blinking
 q - 2 scrolls of enchant weapon
 t - a scroll of poison
Potions
 e - a potion of heal wounds
 f - 2 potions of cancellation
 g - a potion of flight
 k - 3 potions of curing
 n - a potion of attraction {unknown}
 o - a potion of haste {unknown}
 p - a potion of magic


   Skills:
 + Level 3.3 Fighting
 + Level 6.7 Ranged Weapons
 + Level 2.3 Armour
 + Level 2.1 Dodging
 + Level 0.8 Stealth


You had 6 spell levels left.
You didn't know any spells.
Your spell library contained the following spells:

 Spells                   Type           Power      Damage    Failure   Level
 Freeze                   Ice            0%         1d3       100%        1
 Conjure Flame            Conj/Fire      0%         6-21      100%        3
 Frozen Ramparts          Ice            0%         1d1       100%        3
 Ignite Poison            Fire/Tmut/Pois 0%         N/A       100%        3
 Hailstorm                Conj/Ice       0%         3d3       100%        4
 Sticky Flame             Conj/Fire      0%         2d3       100%        4


Dungeon Overview and Level Annotations

Branches:
Dungeon (5/15)              Sewer (visited)
 Temple: D:4-7

Altars:
Wu Jian

Annotations:
D:2 1 runed translucent door, Crazy Yiuf


Innate Abilities, Weirdness & Mutations

You are completely covered in rugged brown scales. (AC +3, +7% HP)
You sometimes gain power by taking damage.
Your touch may inflict minor irresistible damage on your foes.


Message History

You hear a distant slurping noise.
An ogre comes into view. It is wielding a +0 giant club.
The ogre shouts!
A ball python comes into view.
The ball python hisses angrily.
You hear a distant slurping noise.
You are too injured to fight recklessly!
Fire: a) +0 shortbow (vorpal)
Press: ? - help, Q - select action Shift-Dir - straight line, f - ball python
Aim: a ball python (61% to hit)
You shoot an arrow.
The arrow barely misses the ball python.
Unknown command.
Fire: a) +0 shortbow (vorpal)
Press: ? - help, Q - select action Shift-Dir - straight line, f/p - ball python
Aim: a ball python (61% to hit)
You shoot an arrow. The arrow hits the ball python.
You kill the ball python!
Unknown command.
Unknown command.
Unknown command.
It was a potion of cancellation.
You feel magically purged. The ogre closely misses you.
It was a potion of curing.
You feel better.
You hear a distant slurping noise.
Unknown command.
Fire: a) +0 shortbow (vorpal)
Press: ? - help, Q - select action Shift-Dir - straight line, f - ogre
Aim: an ogre, wielding a +0 giant club (77% to hit)
You shoot an arrow. The arrow hits the ogre.
The ogre is lightly wounded.
The ogre barely misses you.
Fire: a) +0 shortbow (vorpal)
Press: ? - help, Q - select action Shift-Dir - straight line, f/p - ogre
Aim: an ogre, wielding a +0 giant club (lightly wounded, 77% to hit)
You shoot an arrow. The arrow barely misses the ogre.
You hear a slurping noise.
The ogre hits you with a +0 giant club!!
Ouch! That really hurt!
You die...

##### ####
#...# ###....
#...####.......
#...##.......#
#......>.....+
#............#
#..@..J......#
###O.........#
#..........#
#....#######
#....#
#######....#
#........###
#........#
#........#


You could see an ogre and a neutral jelly (wandering) (fellow slime).

Vanquished Creatures
  A scorpion (D:5)
  A hound (D:5)
  5 jellies (Sewer)
  An iguana (D:5)
  4 orc wizards (D:5)
  A gnoll (D:2)
  3 adders
  A river rat (Sewer)
  4 worms
  4 dart slugs
  15 orcs
  10 ball pythons
  19 endoplasms
  A giant cockroach (Sewer)
  6 goblins
  6 hobgoblins
  6 jackals (D:1)
  5 kobolds
  4 quokkas
  5 bats
  7 frilled lizards
  12 rats
121 creatures vanquished.

Vanquished Creatures (others)
  2 jellies
  A hound (D:4)
  An iguana (D:4)
  Robin (D:4)
  A gnoll (D:5)
  An ufetubus (D:4)
  An endoplasm (D:4)
  6 goblins (D:4)
  2 hobgoblins (D:4)
16 creatures vanquished.

Grand Total: 137 creatures vanquished

Notes
Turn   | Place    | Note
-------+----------+-------------------------------------------
     0 | D:1      | xian the Demonspawn Hunter began the quest for the Orb.
     0 | D:1      | Reached XP level 1. HP: 16/16 MP: 1/1
   108 | D:1      | Reached skill level 4 in Ranged Weapons
   108 | D:1      | Gained mutation: You are partially covered in rugged brown
                  | scales. (AC +1, +3% HP) [demonic ancestry]
   108 | D:1      | Reached XP level 2. HP: 16/22 MP: 2/2
   395 | D:1      | Gained mutation: Your touch may inflict minor irresistible
                  | damage on your foes. [demonic ancestry]
   395 | D:1      | Reached XP level 3. HP: 25/27 MP: 3/3
  1373 | D:2      | Found a runed translucent door.
  1374 | D:2      | Noticed Crazy Yiuf
  1426 | D:2      | Gained mutation: You are mostly covered in rugged brown
                  | scales. (AC +2, +5% HP) [demonic ancestry]
  1426 | D:2      | Reached XP level 4. HP: 28/35 MP: 4/4
  1871 | D:2      | Reached skill level 1 in Armour
  1877 | D:2      | Reached skill level 5 in Ranged Weapons
  2240 | D:3      | Found an ornate altar of the Wu Jian Council.
  2849 | D:3      | You fall into a shaft and drop 2 floors!
  2849 | D:5      | Entered Level 5 of the Dungeon
  2850 | D:5      | Noticed a scorpion
  2851 | D:5      | Identified the +0 leather armour of Tartarus {*Slow rElec
                  | rC+}
  2860 | D:5      | Killed a scorpion
  2861 | D:5      | Gained mutation: You are completely covered in rugged brown
                  | scales. (AC +3, +7% HP) [demonic ancestry]
  2861 | D:5      | Reached XP level 5. HP: 33/41 MP: 5/5
  3024 | D:5      | Gained mutation: You sometimes gain a little power by
                  | taking damage. [demonic ancestry]
  3024 | D:5      | Reached XP level 6. HP: 48/50 MP: 6/6
  3062 | D:5      | Found a glowing drain.
  3071 | Sewer    | Entered a sewer
  3242 | Sewer    | Reached skill level 6 in Ranged Weapons
  3557 | Sewer    | Found a viscous altar of Jiyva.
  3729 | Sewer    | Became a worshipper of Jiyva Jace the Shapeless
  3817 | D:5      | Gained mutation: You sometimes gain power by taking damage.
                  | [demonic ancestry]
  3817 | D:5      | Reached XP level 7. HP: 43/55 MP: 7/7
  3921 | D:5      | HP: 2/55 [orc warrior/bolt (11)]
  3970 | D:4      | Killed Robin
  4016 | D:4      | Mangled by an ogre

Illustrated notes

Levels and vault maps discovered:
D:1:      tarquinn_simple_flora_water_c, layout_loops_ring,
          minmay_split_cup_small
D:2:      minmay_chambers_of_twos, layout_basic, uniq_crazy_yiuf_cottage
D:3:      layout_loops_ring, lemuel_tele_altar, overflow_temple_1_default
D:4:      layout_basic, kennysheep_mini_moat, temple_statues,
          gup_ossuary_entry_pyramid, uniq_pikel, uniq_robin
D:5:      cheibrodos_fzero, layout_loops_ring, portal_sewer_entry_d,
          serial_park_tiny_2, minmay_misc_feat_cross, uniq_eustachio

Skill      XL: |  1  2  3  4  5  6 |
---------------+-------------------+-----
Ranged Weapons | 4 5 6 |  6.7
Armour         | 1 2 |  2.3
Dodging        | 2 |  2.1
Fighting       | 3 |  3.3
Stealth        | |  0.8

Action                   |  1- 3 |  4- 6 |  7- 9 || total
-------------------------+-------+-------+-------++-------
Melee: Dagger            |       |    18 |       ||    18
       Touch             |       |     6 |       ||     6
 Fire: Shortbow          |   114 |   200 |    21 ||   335
  Use: Scroll            |       |     9 |     1 ||    10
       Potion            |       |     2 |     2 ||     4
Armor: Leather armour    |    12 |       |       ||    12
       Chain mail        |    11 |   129 |     7 ||   147
Dodge: Dodged            |    34 |    51 |     9 ||    94
       Repelled          |       |       |     1 ||     1
